 Dungeon Crawl Stone Soup version 0.31-a0-435-g2c6fae2916 (webtiles) character file.

Game seed: 9514299549764881313

117692 floatRand the Formicid Cataclysm (level 17, -9/135 HPs)
             Began as a Formicid Fighter on Aug 2, 2023.
             Was a High Priest of Qazlal.
             Killed from afar by Asterion (30 damage)
             ... with an iron shot
             ... on level 2 of the Snake Pit.
             The game lasted 00:36:17 (23570 turns).

floatRand the Formicid Cataclysm (FoFi)            Turns: 23570, Time: 00:36:19

Health: -9/135     AC: 29    Str: 37    XL:     17   Next: 29%
Magic:  18/32      EV:  5    Int:  9    God:    Qazlal [*****.]
Gold:   2436       SH: 20    Dex: 13    Spells: 16/16 levels left

rFire   . . .        S - +6 battleaxe (spect)
rCold   + + +        U - +0 tower shield
rNeg    . . .        M - +1 crystal plate armour {rC+}
rPois   +            (helmet unavailable)
rElec   .            a - +1 cloak
rCorr   .            W - +1 pair of gloves {Str+3}
SInv    +            (no boots)
Will    +....        C - amulet of regeneration Stlth
                     b - ring "Jinucko" {rC+++ Str+6}
HPRegen 1.22/turn    D - ring of poison resistance
MPRegen 0.23/turn

%: repel missiles
@: protected from physical damage
A: permanent stasis, dig shafts and tunnels, antennae 3, four strong arms
a: Dig, Shaft Self, Renounce Religion, Upheaval, Elemental Force, Disaster Area


You were on level 2 of the Snake Pit.
You worshipped Qazlal.
Qazlal was extremely pleased with you.
You visited 5 branches of the dungeon, and saw 25 of its levels.
You visited the Abyss 1 time.

You collected 3643 gold pieces.
You spent 1207 gold pieces at shops.

Inventory:

Hand Weapons
 m - a +0 battleaxe
 n - a +2 quarterstaff of chaos
 r - a +0 broad axe
 K - a +2 battleaxe of venom
 R - the +10 sling of the Endless March {flame, +Blink Int+3 Stlth+}
   (You found it on level 4 of the Lair of Beasts)

   Int:       It affects your intelligence (+3).
   +Blink:    It lets you blink.
   Stlth:     It makes you more stealthy.
 S - a +6 spectral battleaxe (weapon)
Armour
 a - a +1 cloak (worn)
 c - a +0 buckler
 M - a +1 crystal plate armour of cold resistance (worn)
 U - a +0 tower shield (worn)
 W - a +1 pair of gloves of strength (worn)
Jewellery
 b - the ring "Jinucko" (left hand) {rC+++ Str+6}
   (You found it on level 6 of the Dungeon)

   [ring of strength]

   Str:       It affects your strength (+6).
   rC:        It renders you almost immune to cold.
 i - an amulet of guardian spirit
 q - an amulet of the acrobat
 u - a +4 ring of protection
 v - a ring of protection from fire
 C - an amulet of regeneration (around neck)
 D - a ring of poison resistance (right hand)
 E - a +6 ring of dexterity
 L - an amulet of reflection
 P - a ring of resist corrosion
 Q - a ring of protection from fire
Wands
 f - a wand of charming (10)
 g - a wand of light (8)
 o - a wand of polymorph (3)
 t - a wand of flame (14)
 F - a wand of iceblast (18)
 G - a wand of mindburst (3)
 O - a wand of digging (22)
Scrolls
 h - 3 scrolls of immolation
 j - 2 scrolls of fog
 l - 3 scrolls of fear
 s - 3 scrolls of enchant armour
 w - 3 scrolls of enchant weapon
 y - 5 scrolls of identify
 A - 4 scrolls of poison
 B - 3 scrolls of torment
 H - 2 scrolls of amnesia
 I - 3 scrolls of revelation
 X - a scroll of summoning
Potions
 d - 3 potions of might
 e - 9 potions of curing
 k - 3 potions of cancellation
 p - 3 potions of resistance
 x - 2 potions of enlightenment
 z - a potion of mutation
 J - a potion of invisibility
 N - a potion of lignification
 T - a potion of attraction
 V - a potion of heal wounds


   Skills:
 + Level 12.7 Fighting
 + Level 16.9 Axes
 + Level 10.9 Armour
 + Level 7.2 Shields
 * Level 22.3 Invocations


You had 16 spell levels left.
You didn't know any spells.
Your spell library contained the following spells:

 Spells                   Type           Power      Damage    Failure   Level
 Magic Dart               Conj           0%         1d3       100%        1
 Sandblast                Erth           0%         2d4       100%        1
 Shock                    Conj/Air       0%         1d3       100%        1
 Call Imp                 Summ           0%         N/A       100%        2
 Cigotuvi's Dreadful Rot  Necr/Pois/Air  0%         N/A       100%        2
 Lesser Beckoning         Tloc           0%         N/A       100%        2
 Passwall                 Tmut/Erth      0%         N/A       100%        2
 Poisonous Vapours        Pois/Air       0%         N/A       100%        2
 Static Discharge         Conj/Air       0%         2-2/arc   100%        2
 Wereblood                Tmut           0%         N/A       100%        2
 Gell's Gravitas          Tloc           0%         N/A       100%        3
 Mephitic Cloud           Conj/Pois/Air  0%         N/A       100%        3
 Ozocubu's Armour         Ice            0%         N/A       100%        3
 Stone Arrow              Conj/Erth      0%         3d7       100%        3
 Teleport Other           Tloc           0%         N/A       100%        3
 Airstrike                Air            0%         2d(0-16)  100%        4
 Dispel Undead            Necr           0%         3d6       100%        4
 Passage of Golubria      Tloc           0%         N/A       100%        4
 Summon Lightning Spire   Summ/Air       0%         N/A       100%        4
 Freezing Cloud           Conj/Ice/Air   0%         6-21      100%        5
 Metabolic Englaciation   Hex/Ice        0%         N/A       100%        5
 Silence                  Hex/Air        0%         N/A       100%        5
 Death Channel            Necr           0%         N/A       100%        6
 Simulacrum               Ice/Necr       0%         N/A       100%        6
 Malign Gateway           Summ/Tloc      0%         N/A       100%        7
 Lehudib's Crystal Spear  Conj/Erth      0%         10d2      100%        8
 Summon Horrible Things   Summ           0%         N/A       100%        8
 Swiftness                Air            Unusable   N/A       N/A         3

Dungeon Overview and Level Annotations

Branches:
Dungeon (15/15)            Temple (1/1) D:5            Lair (5/5) D:9
 Shoals (0/4) Lair:2        Snake (2/4) Lair:2        Slime (0/5) Lair:5
    Orc (2/2) D:11            Elf (0/3) Orc:2        Vaults (0/5) D:13
 Depths (0/4) D:15

Altars:
Ashenzari
Cheibriados
Dithmenos
Elyvilon
Fedhas
Gozag
Hepliaklqana
Kikubaaqudgha
Makhleb
Nemelex Xobeh
Okawaru
Qazlal
Ru
Sif Muna
Trog
Uskayaw
Vehumet
Wu Jian
Xom
Yredelemnul
Zin
The Shining One
Jiyva

Shops:
D:3 *   D:9 [**   D:10 [   Orc:2 [(=*

Annotations:
D:15 3 runed translucent doors, Layddamu's ghost, journeyman HuFi
Lair:5 1 runed translucent door
Snake:1 1 runed translucent door, Dittersdorf's ghost, adept MiBe
Snake:2 Asterion


Innate Abilities, Weirdness & Mutations

You cannot be hasted, slowed, berserked, paralysed or teleported.
You can dig through walls and to a lower floor.
You have a pair of large antennae on your head. (SInv)
Your four strong arms can wield two-handed weapons with a shield.


Message History

You hear an angry hiss.
Aizul hits you but does no damage. Aizul hits you.
Unknown command.
Unknown command.
You miss Aizul.
Aizul is severely wounded.
You feel sick.
Aizul coils herself and waves her upper body at you.
The bolt of poison hits you! You resist.
You hear an angry hiss.
You slice Aizul!!
You kill Aizul!
Qazlal accepts your kill.
You feel sick.
Asterion hits you with a +4 spectral broad axe!
You feel protected from physical attacks.
Asterion gores you but does no damage. Asterion blocks your attack.
Asterion is severely wounded.
You feel sick.
Asterion hits you with a +4 spectral broad axe!!
* * * LOW HITPOINT WARNING * * *
Asterion gores you!
* * * LOW HITPOINT WARNING * * *
You block Asterion's attack. Asterion gores you but does no damage.
Unknown command.
Asterion blocks your attack.
Asterion is severely wounded.
You feel sick.
You are no longer poisoned.
You block Asterion's attack. x2
Unknown command.
You slash Asterion!
Asterion is severely wounded.
Asterion hits you with a +4 spectral broad axe!
* * * LOW HITPOINT WARNING * * *
Asterion gores you but does no damage.
Asterion conjures a destructive force in the name of Makhleb!
The iron shot hits you!!
You die...

.....
#........
....##..≈<....
....+.≈≈.....
#####.≈#......
#...≈≈≈.....,
......#≈.)#
......≈2§.#
....≈#H#.# ...
#@#.N# #
#)#N§§§
#≈#SS≈§
#<#{§§§
#..≈≈≈≈≈≈≈≈
+.≈≈§≈≈≈≈≈≈
######≈§≈N≈
..≈{≈ ###≈


You could see Asterion (fast) and a balrug (summoned).

Vanquished Creatures
  Jorgrun (Orc:2)
  A lich (Abyss:3)
  2 tentacled starspawn (Abyss:3)
  Aizul (Snake:2)
  Louise (Snake:1)
  An orc warlord (Orc:2)
  A stone giant (D:15)
  A dire elephant (Lair:4)
  A yaktaur captain (D:13)
  An ice dragon (D:13)
  2 rakshasas
  An ogre mage (D:15)
  2 centaur warriors (D:14)
  The ghost of bmj180 the Frost Mage, a journeyman MfIE of Vehumet (D:10)
  2 anacondas (Snake:1)
  2 catoblepae
  5 hydras
  4 two-headed ogres
  2 boulder beetles (D:11)
  A naga warrior (Snake:1)
  16 death yaks
  A deep troll shaman (Lair:5)
  3 orc high priests (Orc:2)
  Urug (Lair:5)
  3 naga sharpshooters
  A shock serpent (Snake:1)
  A wretched star (Abyss:3)
  2 skysharks (Lair:3)
  A lindwurm (Lair:5)
  A bog body (Lair:1)
  A wizard (Abyss:3)
  6 orc knights
  3 deep elf pyromancers
  3 ugly things
  A mana viper (Snake:1)
  2 orc sorcerers (Orc:2)
  3 manticores
  A worldbinder (Abyss:3)
  3 cyclopes
  A salamander (shapeshifter) (D:13)
  4 salamanders
  32 elephants
  6 black mambas
  A guardian serpent (Snake:1)
  A naga mage (Snake:1)
  An ice statue (Lair:1)
  A torpor snail (Lair:1)
  A smoke demon (Abyss:3)
  2 gargoyles (D:11)
  12 cane toads
  A freezing wraith (Abyss:3)
  4 rime drakes
  6 komodo dragons
  An efreet (Abyss:3)
  An ice devil (Lair:1)
  2 ancient zymes (Abyss:3)
  3 meliai (D:14)
  4 polar bears
  6 hellwings (Abyss:3)
  5 trolls
  A hornet (shapeshifter) (D:13)
  7 hornets (Lair:2)
  A blink frog (shapeshifter) (D:14)
  3 raiju (Abyss:3)
  13 dream sheep
  22 blink frogs
  13 slime creatures
  3 large abominations (Abyss:3)
  4 vampires
  A shadow (D:10)
  A ynoxinul (Abyss:3)
  The ghost of vcxz the Trooper, an amateur NaWn (D:4)
  8 wyverns
  3 wraiths
  A spriggan (Lair:4)
  5 basilisks
  2 steam dragons
  51 yaks
  Eustachio (D:5)
  11 vampire mosquitoes
  3 acid dragons
  14 nagas
  3 wargs (Orc:2)
  14 water moccasins
  25 orc warriors
  A black bear (Lair:5)
  A black bear (shapeshifter) (D:14)
  6 ice beasts
  2 sky beasts
  10 ogres
  5 centaurs
  24 wolves
  4 kobold brigands
  11 bullfrogs
  A small abomination (Abyss:3)
  2 gnoll sergeants (D:11)
  A cane toad simulacrum (Lair:1)
  2 scorpions (D:7)
  7 wights (D:9)
  An elephant simulacrum (Lair:1)
  4 killer bees
  An electric eel (D:7)
  5 howler monkeys
  2 lava snakes (Snake:2)
  A jelly (D:6)
  A hound (D:5)
  17 orc priests
  Crazy Yiuf (D:5)
  An iguana (D:5)
  3 sleepcaps
  Ijyb (D:3)
  17 orc wizards
  2 spriggan simulacra (Lair:1)
  4 gnolls (Orc:1)
  11 adders
  A shadow imp (D:7)
  2 white imps
  An ufetubus (D:4)
  4 dart slugs
  2 worms
  53 orcs
  11 bats
  9 endoplasms
  2 giant cockroaches
  11 goblins
  6 hobgoblins
  3 jackals (D:3)
  14 kobolds
  4 quokkas
  5 ball pythons
  9 frilled lizards
  6 rats
684 creatures vanquished.

Vanquished Creatures (collateral kills)
  A tengu warrior (D:13)
  A phantasmal warrior (D:13)
  2 elephants (Lair:5)
  The ghost of floatRand the Ruffian, a novice DrSh of Wu Jian (D:5)
  A komodo dragon (Lair:5)
  2 blink frogs (Lair:5)
  2 slime creatures (D:12)
  2 yaks (D:8)
  Grum (D:8)
  4 wolves (D:8)
  A quokka (D:5)
18 creatures vanquished.

Vanquished Creatures (others)
  3 spectral weapons (D:15)
  2 starspawn tentacles (Abyss:3)
5 creatures vanquished.

Grand Total: 707 creatures vanquished

Notes
Turn   | Place    | Note
-------+----------+-------------------------------------------
     0 | D:1      | floatRand the Formicid Fighter began the quest for the Orb.
     0 | D:1      | Reached XP level 1. HP: 18/18 MP: 1/1
    67 | D:1      | Reached XP level 2. HP: 24/24 MP: 2/2
   427 | D:1      | Reached XP level 3. HP: 29/29 MP: 3/3
   433 | D:1      | Found a faded altar of an unknown god.
   733 | D:2      | Reached XP level 4. HP: 35/35 MP: 4/4
   917 | D:2      | Found a sparkling altar of Nemelex Xobeh.
  1271 | D:2      | Reached XP level 5. HP: 34/41 MP: 5/5
  1414 | D:3      | Found a shadowy altar of Dithmenos.
  1438 | D:3      | Noticed a bullfrog
  1446 | D:3      | Killed a bullfrog
  1447 | D:3      | Reached skill level 5 in Axes
  1508 | D:3      | Found Ekan's General Store.
  1613 | D:3      | Noticed Ijyb
  1755 | D:3      | Killed Ijyb
  1756 | D:3      | Reached XP level 6. HP: 13/47 MP: 6/6
  1979 | D:3      | Found a hazy altar of Hepliaklqana.
  2097 | D:3      | Identified the +4 mace of Irotz {pain, rC- Int+5}
  2466 | D:4      | Found a sparkling altar of Nemelex Xobeh.
  2598 | D:4      | Found a runed translucent gate.
  2599 | D:4      | Noticed vcxz's ghost (amateur NaWn)
  2604 | D:4      | Found a runed translucent gate.
  2719 | D:4      | Found a runed translucent gate.
  2899 | D:4      | Found a snail-covered altar of Cheibriados.
  3037 | D:5      | Entered Level 5 of the Dungeon
  3050 | D:5      | Reached skill level 2 in Invocations
  3191 | D:5      | Reached XP level 7. HP: 52/52 MP: 7/9
  3209 | D:5      | Found a staircase to the Ecumenical Temple.
  3243 | Temple   | Entered the Ecumenical Temple
  3250 | Temple   | Became a worshipper of Qazlal Stormbringer
  3410 | D:5      | Reached skill level 3 in Invocations
  3683 | D:5      | Found a runed translucent door.
  3686 | D:5      | Noticed floatRand's ghost (novice DrSh)
  3729 | D:5      | Noticed Eustachio
  3739 | D:5      | Killed Eustachio
  3740 | D:5      | Reached skill level 4 in Invocations
  3754 | D:5      | Reached XP level 8. HP: 30/58 MP: 11/11
  3856 | D:5      | Found a runed translucent door.
  3986 | D:5      | Reached skill level 5 in Invocations
  4061 | D:5      | Found a runed translucent door.
  4062 | D:5      | Noticed Crazy Yiuf
  4255 | D:5      | Killed floatRand's ghost
  4256 | D:5      | Reached skill level 6 in Invocations
  4369 | D:5      | Killed Crazy Yiuf
  4436 | D:4      | Killed vcxz's ghost
  4827 | D:6      | Reached skill level 7 in Invocations
  4835 | D:6      | Identified the ring "Jinucko" {rC+++ Str+6}
  4918 | D:6      | Reached * piety under Qazlal
  4973 | D:6      | Reached XP level 9. HP: 49/64 MP: 14/14
  5141 | D:6      | Reached skill level 8 in Invocations
  5975 | D:7      | Reached skill level 9 in Invocations
  6057 | D:7      | Reached skill level 10 in Axes
  6314 | D:7      | Found a glowing silver altar of Zin.
  6434 | D:7      | Reached XP level 10. HP: 58/70 MP: 17/17
  6518 | D:7      | Reached skill level 10 in Invocations
  6742 | D:7      | Identified a scroll of acquirement
  6744 | D:7      | Acquired 1156 gold pieces
  7027 | D:8      | Noticed a two-headed ogre
  7035 | D:8      | Killed a two-headed ogre
  7036 | D:8      | Reached skill level 11 in Invocations
  7342 | D:8      | Found a white marble altar of Elyvilon.
  7407 | D:8      | Noticed Grum
  7435 | D:8      | Reached ** piety under Qazlal
  7438 | D:8      | Killed Grum
  7440 | D:8      | Reached skill level 12 in Invocations
  7622 | D:8      | Found a basalt altar of Yredelemnul.
  7895 | D:8      | Found a shimmering altar of Xom.
  7941 | D:8      | Reached XP level 11. HP: 56/75 MP: 20/20
  8194 | D:9      | Found Fousson's Armour Emporium.
  8232 | D:9      | Bought a +2 pair of gloves of stealth for 344 gold pieces
  8315 | D:9      | Reached skill level 13 in Invocations
  8391 | D:9      | Found a staircase to the Lair.
  8405 | D:9      | Noticed a +0 spear
  8406 | D:9      | Noticed a +0 falchion
  8406 | D:9      | Noticed a +0 short sword
  8406 | D:9      | Noticed a +0 dagger
  8408 | D:9      | Noticed a +0 short sword
  8454 | D:9      | Noticed a +0 falchion
  8454 | D:9      | Noticed a +0 spear
  8455 | D:9      | Noticed a +0 dagger
  8466 | D:9      | Found a hide-covered altar of Uskayaw.
  8889 | D:9      | Reached *** piety under Qazlal
  9004 | D:9      | Found Atwuint's Assorted Antiques.
  9074 | D:9      | Found Bygew's General Store.
  9086 | D:9      | Bought a potion of enlightenment for 55 gold pieces
  9086 | D:9      | Bought a scroll of summoning for 104 gold pieces
  9136 | D:9      | Found a blossoming altar of Fedhas.
  9245 | D:9      | Found a radiant altar of Vehumet.
  9481 | D:10     | Entered Level 10 of the Dungeon
  9676 | D:10     | Noticed bmj180's ghost (journeyman MfIE)
  9686 | D:10     | Found a runed translucent door.
  9842 | D:10     | Found an ancient bone altar of Kikubaaqudgha.
  9872 | D:10     | Found Joes's Armour Shoppe.
  9960 | D:10     | Killed bmj180's ghost
  9961 | D:10     | Reached skill level 14 in Invocations
  9993 | D:10     | Found a shimmering blue altar of Sif Muna.
 10210 | D:11     | Noticed a cyclops
 10215 | D:11     | Killed a cyclops
 10254 | D:11     | Noticed a boulder beetle
 10292 | D:11     | Killed a boulder beetle
 10293 | D:11     | Reached skill level 5 in Shields
 10293 | D:11     | Reached XP level 12. HP: 28/83 MP: 22/22
 10461 | D:11     | Noticed a boulder beetle
 10555 | D:11     | Reached **** piety under Qazlal
 10634 | D:11     | Reached skill level 5 in Fighting
 10796 | D:11     | Found a staircase to the Orcish Mines.
 10877 | D:11     | Reached skill level 5 in Armour
 10912 | D:11     | Noticed a two-headed ogre
 10930 | D:11     | Killed a two-headed ogre
 10931 | D:11     | Reached skill level 15 in Invocations
 11005 | D:11     | Killed a boulder beetle
 11669 | D:12     | HP: 2/86 [large slime creature (29)]
 12220 | D:13     | Reached XP level 13. HP: 93/93 MP: 24/24
 12511 | D:13     | Reached skill level 16 in Invocations
 12732 | D:13     | Noticed an ice dragon
 12748 | D:13     | Killed an ice dragon
 12865 | D:13     | Found a gate to the Vaults.
 13289 | D:13     | Noticed a yaktaur captain
 13328 | D:13     | Noticed a rakshasa
 13349 | D:13     | Killed a rakshasa
 13465 | D:13     | Killed a yaktaur captain
 13684 | Lair:1   | Entered Level 1 of the Lair of Beasts
 13696 | Lair:1   | Reached skill level 17 in Invocations
 14030 | Lair:1   | Reached ***** piety under Qazlal
 14176 | Lair:1   | Reached XP level 14. HP: 97/106 MP: 26/26
 14280 | Lair:1   | Reached skill level 18 in Invocations
 15030 | Lair:2   | Identified the +7 long sword "Cutat" {heavy, rF+ rC+ rN+
                  | Dex-3}
 15067 | Lair:2   | Reached skill level 15 in Axes
 15179 | Lair:2   | Found a staircase to the Snake Pit.
 15637 | Lair:2   | Found a staircase to the Shoals.
 16088 | Lair:3   | Reached skill level 19 in Invocations
 16231 | Lair:3   | Reached skill level 10 in Fighting
 16243 | Lair:3   | Reached XP level 15. HP: 74/115 MP: 28/28
 16958 | Lair:4   | Reached skill level 20 in Invocations
 17586 | Lair:4   | Identified the +10 sling of the Endless March {flame,
                  | +Blink Int+3 Stlth+}
 17761 | Lair:5   | Entered Level 5 of the Lair of Beasts
 17779 | Lair:5   | Noticed Urug
 17792 | Lair:5   | Killed Urug
 17967 | Lair:5   | Identified the +1 flail "Impbane" {heavy, Fragile Will+
                  | rCorr}
 18057 | Lair:5   | Reached XP level 16. HP: 100/125 MP: 26/30
 18488 | Lair:5   | Found a runed translucent door.
 18489 | Lair:5   | Found a viscous altar of Jiyva.
 18617 | Lair:5   | Got the Almanac of the Pestilent Figure
 19025 | Lair:5   | Found a staircase to the Slime Pits.
 19492 | D:14     | Reached skill level 21 in Invocations
 19617 | D:14     | Identified the +6 trident of Xeysuuq {elec, rElec rF+
                  | Str+4}
 20038 | D:15     | Entered Level 15 of the Dungeon
 20575 | D:15     | Found a staircase to the Depths.
 20594 | D:15     | Identified the +6 flail of Vaelusmi {protect, rN+}
 21005 | D:15     | Found a runed translucent gate.
 21005 | D:15     | Found a runed translucent gate.
 21006 | D:15     | Found a runed translucent gate.
 21006 | D:15     | Noticed Layddamu's ghost (journeyman HuFi)
 21245 | Orc:1    | Entered Level 1 of the Orcish Mines
 21578 | Orc:2    | Entered Level 2 of the Orcish Mines
 21593 | Orc:2    | Noticed Jorgrun
 21594 | Orc:2    | Reached ****** piety under Qazlal
 21598 | Orc:2    | Killed Jorgrun
 21599 | Orc:2    | Reached skill level 10 in Armour
 21681 | Orc:2    | Found Bitoot's Antique Armour Shoppe.
 21825 | Orc:2    | Found Naenir's General Store.
 21896 | Orc:2    | Found Guuza's Antique Weapon Shop.
 21955 | Orc:2    | Found a staircase to the Elven Halls.
 21995 | Orc:2    | Found Ginuo's Jewellery Boutique.
 22324 | Orc:2    | Bought a +1 pair of gloves of strength for 264 gold pieces
 22335 | Orc:2    | Bought a ring of poison resistance for 320 gold pieces
 22335 | Orc:2    | Bought a scroll of revelation for 120 gold pieces
 22552 | Snake:1  | Entered Level 1 of the Snake Pit
 22874 | Snake:1  | Noticed Louise
 22881 | Abyss:3  | Cast into level 3 of the Abyss (Louise)
 22891 | Abyss:3  | Found a corrupted altar of Lugonu.
 22945 | Abyss:3  | Noticed a lich
 22950 | Abyss:3  | Killed a lich
 22976 | Abyss:3  | Reached skill level 22 in Invocations
 22976 | Abyss:3  | Reached XP level 17. HP: 60/135 MP: 26/32
 22982 | Abyss:3  | Noticed a tentacled starspawn
 22995 | Abyss:3  | Killed a tentacled starspawn
 23006 | Abyss:3  | Found a corrupted altar of Lugonu.
 23006 | Abyss:3  | Found a corrupted altar of Lugonu.
 23033 | Abyss:3  | Noticed a tentacled starspawn
 23037 | Abyss:3  | Killed a tentacled starspawn
 23044 | Snake:1  | Escaped the Abyss
 23055 | Snake:1  | Killed Louise
 23300 | Snake:1  | Found a runed translucent door.
 23300 | Snake:1  | Found a shimmering altar of Xom.
 23300 | Snake:1  | Noticed Dittersdorf's ghost (adept MiBe)
 23543 | Snake:2  | Noticed Aizul
 23555 | Snake:2  | Noticed Asterion
 23567 | Snake:2  | Killed Aizul
 23570 | Snake:2  | Killed from afar by Asterion

Illustrated notes

Levels and vault maps discovered:
D:1:      nzn_arrival_water_spiral, layout_basic, basic_ecumenical_altar
D:2:      layout_loops_ring, basic_altar
D:3:      kennysheep_goblin_castle, layout_loops_ring,
          worldfamousw_hep_ancestral_shrine, mainiacjoe_overflow_alcove_1,
          serial_shops, shop
D:4:      layout_loops_cross, lemuel_crystal_altar, nemelex_dance_club_becter,
          gammafunk_ghost_split
D:5:      layout_loops_ring, minmay_temple_entry_crystal_x,
          ebering_ghost_sewer_f, roderic_batcave, uniq_eustachio,
          uniq_crazy_yiuf_cottage, uniq_ijyb
D:6:      layout_gridville
D:7:      layout_rooms, kennysheep_little_box, kennysheep_dice
D:8:      layout_cave_pods, kennysheep_ying_yang, tgw_xom, uniq_grum
D:9:      layout_basic, fedhas_altar_4, nicolae_uskayaw_en_pointe,
          mainiacjoe_overflow_24_doors, minmay_lair_entry_grove, serial_shops,
          nicolae_lakefront_shop, shop, nicolae_shop_waterfront,
          hangedman_glass_teeth
D:10:     layout_big_octagon, nicolae_sif_muna_little_library,
          kiku_gazebo_pond_becter, hellmonk_ghost_happy_afterlife, serial_shops,
          shop
D:11:     layout_roguey, minmay_orc_entry_temple_small,
          minmay_fractal_squares_diagonal_5
D:12:     layout_gridville
D:13:     layout_irregular_city, david_vaults_4, kennysheep_four_rooms
D:14:     layout_long_grid, grunt_ministairs_8, nicolae_titane
D:15:     grunt_enter_depths_giant_problem, layout_stronghold,
          gammafunk_ghost_necromancy, minmay_misc_feat_roman
Temple:   nicolae_temple_cloud_nine
Lair:1:   dreamdust_isle_of_ice, layout_regular_city, lemuel_fruit_fields
Lair:2:   layout_regular_city, elwin_shoals_entry_rocks,
          minmay_snake_entry_guardpost_medium, st_stairs_5, dreamdust_wasp_nest,
          infiniplex_staircase_pool_2
Lair:3:   layout_roguey, eino_small_chamber_without_monster, grunt_megastairs_2
Lair:4:   mu_elephants_graveyard, layout_loops_ring, lemuel_fruit_fields
Lair:5:   grunt_lair_end_beastmaster, layout_layer_cave, slime_entry_2,
          uniq_urug
Snake:1:  kennysheep_six_static_rooms, layout_rooms, ebering_ghost_xom,
          lemuel_fruit_tree, uniq_louise
Snake:2:  layout_basic, special_room, nicolae_snake_gridmaze_zigzag, uniq_aizul,
          uniq_asterion, uniq_vashnia
Orc:1:    layout_caves
Orc:2:    grunt_orc_gardens, layout_diamond_mine, grunt_orc_garden,
          grunt_orc_garden, grunt_orc_garden, grunt_orc_garden,
          nicolae_orc_rockfall, kennysheep_orc_chapel, uniq_jorgrun

Skill      XL: |  1  2  3  4  5  6  7  8  9 10 11 12 13 14 15 16 17 |
---------------+----------------------------------------------------+-----
Axes           | 3 4 5 6 7 8 10 11 13 14 15 16 | 16.9
Invocations    | 2 4 7 9 12 14 15 17 19 20 22 | 22.3
Fighting       | 4 6 8 10 11 12 | 12.7
Armour         | 4 5 7 9 10 | 10.9
Shields        | 5 6 7 |  7.2

Action                     |  1- 3 |  4- 6 |  7- 9 | 10-12 | 13-15 | 16-18 || total
---------------------------+-------+-------+-------+-------+-------+-------++-------
  Melee: War axe           |    72 |   127 |    10 |       |       |       ||   209
         Flail             |       |       |    80 |       |       |       ||    80
         Broad axe         |       |       |   155 |   596 |    46 |       ||   797
         Quarterstaff      |       |       |    23 |       |       |       ||    23
         Battleaxe         |       |       |       |       |   722 |   302 ||  1024
 Invoke: Upheaval          |       |       |       |     2 |    10 |    16 ||    28
         Elemental Force   |       |       |       |     1 |     2 |       ||     3
         Disaster Area     |       |       |       |       |       |     3 ||     3
Ability: Dig               |       |       |     8 |     3 |       |       ||    11
  Evoke: Wand              |       |       |       |     9 |     1 |       ||    10
    Use: Scroll            |       |     7 |     2 |    12 |     6 |     4 ||    31
         Potion            |       |     1 |       |     3 |     1 |     2 ||     7
   Stab: Invisible         |       |       |       |     3 |       |       ||     3
         Petrified         |       |       |       |       |     6 |       ||     6
         Petrifying        |       |       |       |       |     1 |       ||     1
         Distracted        |       |       |       |       |       |     3 ||     3
 Armour: Scale mail        |     5 |       |       |       |       |       ||     5
         Plate armour      |    36 |   100 |   174 |   323 |   127 |       ||   760
         Crystal plate arm |       |       |       |       |   345 |   124 ||   469
  Dodge: Dodged            |    32 |    41 |    74 |   151 |   171 |    51 ||   520
         Repelled          |       |       |       |     1 |     1 |     2 ||     4
  Block: Buckler           |    24 |    34 |    77 |   245 |   432 |   139 ||   951
         Tower shield      |       |       |       |       |       |    52 ||    52

Table legend: (Time is in decaauts)
 A = Elapsed time spent in this place.
 B = Non-inter-level travel time spent in this place.
 C = Inter-level travel time spent in this place.
 D = Time resting spent in this place.
 E = Time spent auto-exploring this place.
 F = Levels seen in this place.
 G = Mean time per level.
                   A        B        C        D        E       F      G
               +--------+--------+--------+--------+--------+-----+--------+
         Total |  23658 |  22500 |   1158 |   2750 |  13587 |  26 |  909.9 |
       Dungeon |  15975 |  15138 |    837 |   2060 |   9190 |  15 | 1065.0 |
        Temple |     14 |     14 |      0 |      0 |      0 |   1 |   14.0 |
          Lair |   5646 |   5362 |    284 |    532 |   3262 |   5 | 1129.2 |
     Snake Pit |    714 |    701 |     13 |    123 |    290 |   2 |  357.0 |
  Orcish Mines |   1149 |   1127 |     22 |     25 |    845 |   2 |  574.5 |
         Abyss |    157 |    157 |      0 |     10 |      0 |   1 |  157.0 |
               +--------+--------+--------+--------+--------+-----+--------+

Top non-repeatable levels by time:
    D:13: 1651 daAuts
     D:5: 1423 daAuts
     D:9: 1405 daAuts
  Lair:5: 1290 daAuts
     D:8: 1280 daAuts
  Lair:1: 1272 daAuts
     D:7: 1150 daAuts
  Lair:2: 1136 daAuts
    D:15: 1135 daAuts
     D:3: 1118 daAuts
    D:11: 1095 daAuts
     D:6: 1071 daAuts
  Lair:4: 1015 daAuts
  Lair:3: 931 daAuts
     D:4: 866 daAuts
